 Dungeon Crawl Stone Soup version 0.19.0-2-gae57169 (webtiles) character file.

477 mopl the Charlatan (level 6, -1/42 HPs)
             Began as a High Elf Artificer on Nov 5, 2016.
             Was an Initiate of Dithmenos.
             Slain by an ogre
             ... wielding a +0 giant club
              (22 damage)
             ... on level 4 of the Dungeon.
             The game lasted 00:11:19 (4045 turns).

mopl the Charlatan (High Elf Artificer)             Turns: 4045, Time: 00:11:19

Health: -1/42      AC:  8    Str: 11    XL:     6   Next: 85%
Magic:  10/10      EV: 14    Int: 16    God:    Dithmenos [......]
Gold:   107        SH:  0    Dex: 17    Spells: 0 memorised, 5 levels left

rFire  . . .     SeeInvis +     a - +0 falchion
rCold  . . .     Gourm    .     G - +3 leather armour
rNeg   . . .     Faith    .     (no shield)
rPois  .         Spirit   .     (no helmet)
rElec  .         Reflect  .     (no cloak)
rCorr  .         Harm     .     (no gloves)
MR     .....                    w - +1 pair of boots
Stlth  ++........               (no amulet)
                                (no ring)
                                t - ring of see invisible

@: no status effects
A: no striking features
a: Renounce Religion


You were on level 4 of the Dungeon.
You worshipped Dithmenos.
Dithmenos was noncommittal.
You were hungry.

You visited 1 branch of the dungeon, and saw 4 of its levels.

You collected 107 gold pieces.

Inventory:

Hand Weapons
 a - a +0 falchion (weapon)
 b - a +0 dagger
 z - a +0 short sword
Missiles
 h - 44 arrows
 B - 2 tomahawks (quivered)
Armour
 w - a +1 pair of boots (worn)
 G - a +3 leather armour (worn)
Jewellery
 t - a ring of see invisible (left hand)
 D - an uncursed ring of ice
Wands
 d - a wand of enslavement (13/24)
Scrolls
 j - 3 scrolls of remove curse
 k - a scroll of immolation {unknown}
 m - a scroll of teleportation
 n - a scroll of enchant armour
 o - a scroll of blinking {unknown}
 s - 2 scrolls of recharging {unknown}
 u - a scroll of random uselessness {unknown}
 y - 2 scrolls of fear {unknown}
 A - a scroll of fog {unknown}
 E - a scroll of enchant weapon {unknown}
Potions
 e - a potion of haste {unknown}
 g - a potion of curing
 l - a potion of invisibility
 p - 2 potions of brilliance
 r - a potion of might
 v - a potion of agility {unknown}
 x - a potion of berserk rage {unknown}
 C - a potion of heal wounds {unknown}
 F - a potion of magic {unknown}
Comestibles
 f - 4 bread rations
 i - 4 fruits


   Skills:
 - Level 3.0 Fighting
 - Level 1.2(2.8) Short Blades
 * Level 3.9(4.0) Long Blades
 + Level 4.1 Dodging
 + Level 3.4 Stealth
 + Level 4.4 Evocations


You had 5 spell levels left.
You didn't know any spells.

Dungeon Overview and Level Annotations

Branches:
Dungeon (4/15)
 Temple: D:4-7

Altars:
Dithmenos
Nemelex Xobeh
Trog
Xom


Message History

The ogre is heavily wounded.
You completely miss the ogre.
The ogre is heavily wounded.
The ogre barely misses you.
You hit the ogre but do no damage.
The ogre is heavily wounded.
You barely miss the ogre.
The ogre is heavily wounded.
The ogre hits you with a giant club!
You are too injured to fight recklessly!
Things that are here:
a club; a chain mail; a club
Things that are here:
a robe; a dagger; a +0 leather armour You see here an adder corpse.
You hit the ogre.
The ogre is heavily wounded.
The ogre hits you with a giant club!!
Ouch! That really hurt!
You die...

#..####.#####.###.## #.#
##.##...###### #.#
#.....#..)<...
##.#####.##...##.... .
#............###.### #.##
.8.##........#..# #.# ..(
_..'.......)[...###.### .(#
8.###..####[.>........ .(#
#@##.......<...... # # #.#
### #O##†##........... #.#.
#.###.#
###.##.###...###.###
#...$#.#...# #............#
#.#
#......#.#.###.#.#..#######
#.# ....................#
#.# ......#.#......#.#..#
#.# ....................#
#.. #......#.#.##.#####.#
##


You could see an ogre.

Vanquished Creatures
  An ogre (D:4)
  A scorpion (D:3)
  Jessica (D:3)
  Ijyb (D:2)
  2 orc wizards (D:4)
  A worker ant (D:3)
  7 adders
  An adder skeleton (D:4)
  A worm (D:3)
  2 dart slugs
  A leopard gecko (D:3)
  10 orcs
  A giant cockroach (D:1)
  11 goblins
  6 hobgoblins
  3 jackals (D:4)
  3 kobolds
  2 quokkas
  2 ball pythons
  10 bats
  4 frilled lizards
  6 rats
77 creatures vanquished.

Vanquished Creatures (collateral kills)
  The ghost of mopl the Charlatan, an amateur HEAr of Makhleb (D:4)
  A hound (D:4)
  An iguana (D:4)
  2 orcs (D:4)
5 creatures vanquished.

Vanquished Creatures (others)
  A wizard (D:3)
1 creature vanquished.

Grand Total: 83 creatures vanquished

Notes
Turn   | Place    | Note
-------+----------+-------------------------------------------
     0 | D:1      | mopl the High Elf Artificer began the quest for the Orb.
     0 | D:1      | Reached XP level 1. HP: 13/13 MP: 4/4
   223 | D:1      | Reached XP level 2. HP: 6/18 MP: 5/5
   865 | D:2      | Found a shadowy altar of Dithmenos.
   868 | D:2      | Became a worshipper of Dithmenos the Shadowed
   882 | D:2      | Reached XP level 3. HP: 18/24 MP: 6/6
   893 | D:2      | Reached skill level 2 in Fighting
  1076 | D:2      | Was placed under penance by Dithmenos
  1370 | D:2      | Was forgiven by Dithmenos
  1410 | D:2      | Noticed Ijyb
  1442 | D:3      | Noticed Jessica
  1455 | D:3      | Was placed under penance by Dithmenos
  1466 | D:3      | Killed Jessica
  1466 | D:3      | Reached skill level 3 in Dodging
  1466 | D:3      | Reached XP level 4. HP: 27/30 MP: 7/7
  1512 | D:3      | Was forgiven by Dithmenos
  1512 | D:3      | Reached skill level 2 in Stealth
  1545 | D:3      | Found a bloodstained altar of Trog.
  1546 | D:3      | Noticed a wizard
  1552 | D:3      | Killed a wizard
  1898 | D:2      | Killed Ijyb
  1898 | D:2      | Reached XP level 5. HP: 22/36 MP: 8/8
  2242 | D:3      | Reached skill level 4 in Evocations
  2543 | D:3      | Reached skill level 1 in Long Blades
  2548 | D:3      | Found a sparkling altar of Nemelex Xobeh.
  2562 | D:3      | Reached skill level 3 in Fighting
  2905 | D:3      | Reached skill level 3 in Stealth
  2999 | D:3      | Reached skill level 2 in Long Blades
  3221 | D:4      | Noticed mopl's ghost (amateur HEAr)
  3235 | D:4      | Noticed a phantom
  3235 | D:4      | Noticed a phantom
  3280 | D:4      | Killed mopl's ghost
  3280 | D:4      | Reached XP level 6. HP: 37/42 MP: 10/10
  3315 | D:4      | Reached skill level 3 in Long Blades
  3744 | D:4      | Reached skill level 4 in Dodging
  3991 | D:4      | Found a shimmering altar of Xom.
  4045 | D:4      | Slain by an ogre

Skill      XL: |  1  2  3  4  5  6 |
---------------+-------------------+-----
Fighting       | 2 3 |  3.0
Dodging        | 3 4 |  4.1
Stealth        | 2 3 |  3.4
Evocations     | 4 |  4.4
Long Blades    | 2 3 |  3.9
Short Blades   | |  1.2

Action                   |  1- 3 |  4- 6 || total
-------------------------+-------+-------++-------
Melee: Short sword       |   127 |    38 ||   165
       Falchion          |       |   215 ||   215
       Dagger            |       |     2 ||     2
Throw: Tomahawk          |       |     7 ||     7
Evoke: Wand              |     5 |    12 ||    17
  Use: Potion            |     2 |     2 ||     4
       Scroll            |       |     5 ||     5
 Stab: Sleeping          |     2 |     3 ||     5
       Paralysed         |       |     7 ||     7
       Distracted        |       |     1 ||     1
  Eat: Chunk             |     2 |     8 ||    10
Armor: Leather armour    |    48 |    62 ||   110
Dodge: Dodged            |   118 |   173 ||   291
       Rpst.: Falchion   |       |    42 ||    42
